 Dungeon Crawl Stone Soup version 0.25.1-2-g60ff931df9 (webtiles) character file.

Game seed: 3853534512234544693

80512 DearestLeader the Earth Mage (level 15, -1/72 HPs)
             Began as a Gargoyle Earth Elementalist on Sept 13, 2020.
             Was the Champion of Vehumet.
             Killed from afar by a frost giant (16 damage)
             ... with a bolt of cold
             ... on level 14 of the Dungeon on Sept 14, 2020.
             The game lasted 01:59:55 (30627 turns).

DearestLeader the Earth Mage (GrEE)                Turns: 30627, Time: 01:59:56

Health: -1/72      AC: 27    Str: 15    XL:     15   Next: 67%
Magic:  2/29       EV: 19    Int: 20    God:    Vehumet [******]
Gold:   875        SH:  7    Dex: 15    Spells: 5/34 levels left

rFire    . . .     SeeInvis .   y - +1 dagger (venom)
rCold    + . .     Gourm    .   I - +2 buckler
rNeg     + + .     Faith    +   r - +2 robe {MR+}
rPois    ∞         Spirit   .   p - +1 hat
rElec    +         Reflect  .   n - +2 ratskin cloak {+Rats rPois rN+ Str-1 Int-1 Dex+1}
rCorr    .         Harm     .   Y - +2 pair of gloves {archery}
MR       ++...                  j - +0 pair of boots (curse)
Stlth    +++.......             E - amulet of Panentheism {Faith rPois}
HPRegen  0.22/turn              N - +4 ring of protection
MPRegen  0.21/turn              V - ring "Richaept" {rC+ Str+3 Dex+4 Stlth+}

@: flying
A: big wings, negative energy resistance 1, electricity resistance, unbreathing,
petrification resistance, rot immunity, AC +11
a: Stop Flying, Renounce Religion, Evoke Ratskin


You were on level 14 of the Dungeon.
You worshipped Vehumet.
Vehumet was exalted by your worship.
You were near starving.

You visited 3 branches of the dungeon, and saw 23 of its levels.

You collected 2200 gold pieces.
You spent 1325 gold pieces at shops.

Inventory:

Hand Weapons
 u - the +1 quarterstaff of Vaxt {venom, rElec, unknown}
   (You found it on level 15 of the Dungeon)

   It poisons the flesh of those it strikes.
   It insulates you from electricity.
 y - a +1 dagger of venom (weapon)
Missiles
 b - 23 stones (quivered)
Armour
 e - the cursed +0 cloak "Ruimit" {rElec rC- MR+++ Regen+}
   (You bought it in a shop on level 2 of the Orcish Mines)

   It makes you vulnerable to cold.
   It insulates you from electricity.
   It affects your resistance to hostile enchantments.
   It increases your rate of regeneration.
   It has a curse placed upon it.
 j - a cursed +0 pair of boots (worn)
 l - a +2 robe of cold resistance
 n - the +2 ratskin cloak (worn) {+Rats rPois rN+ Str-1 Int-1 Dex+1}
   (You found it on level 6 of the Dungeon)

   It affects your strength (-1).
   It affects your intelligence (-1).
   It affects your dexterity (+1).
   It protects you from poison.
   It protects you from negative energy.
 p - a +1 hat (worn)
 r - a +2 robe of magic resistance (worn)
 I - a +2 buckler (worn)
 L - a +2 robe of fire resistance
 Y - a +2 pair of gloves of archery (worn)
Jewellery
 h - an uncursed amulet of reflection
 k - an uncursed amulet of regeneration
 D - an uncursed amulet of guardian spirit {unknown}
 E - the amulet of Panentheism (around neck) {Faith rPois}
   (You found it on level 8 of the Dungeon)

   [amulet of faith]

   It allows you to gain divine favour quickly.
   It protects you from poison.
 G - an uncursed ring of ice
 N - a +4 ring of protection (left hand)
 Q - an uncursed amulet of reflection
 V - the ring "Richaept" (right hand) {rC+ Str+3 Dex+4 Stlth+}
   (You acquired it on level 2 of the Orcish Mines)

   [ring of protection from cold]

   It affects your strength (+3).
   It affects your dexterity (+4).
   It protects you from cold.
   It makes you more stealthy.
 X - an uncursed amulet of the acrobat {unknown}
Wands
 x - a wand of acid (20)
 B - a wand of digging (12)
 F - a wand of disintegration (34)
 K - a wand of paralysis (31)
 P - a wand of iceblast (29)
Scrolls
 a - 2 scrolls of enchant weapon
 f - 16 scrolls of remove curse
 m - 4 scrolls of magic mapping
 t - 2 scrolls of fear
 v - 4 scrolls of teleportation
 z - 3 scrolls of enchant armour
 A - 2 scrolls of immolation {unknown}
 H - 4 scrolls of fog {unknown}
 T - a scroll of brand weapon {unknown}
 U - 2 scrolls of vulnerability {unknown}
Potions
 c - 3 potions of heal wounds
 g - 5 potions of flight
 i - 3 potions of haste
 o - 3 potions of brilliance
 q - 6 potions of stabbing
 s - 5 potions of curing
 w - a potion of resistance {unknown}
 C - 2 potions of ambrosia
 J - a potion of berserk rage
 S - 3 potions of cancellation {unknown}
 W - a potion of mutation {unknown}
 Z - 2 potions of might
Miscellaneous
 M - a phial of floods
Comestibles
 d - 31 rations
 O - 3 chunks of flesh


   Skills:
 + Level 9.7 Dodging
 - Level 2.1 Stealth
 - Level 4.4 Shields
 * Level 10.2 Spellcasting
 + Level 11.9 Conjurations
 - Level 0.7 Transmutations
 - Level 4.1 Fire Magic
 * Level 20.7 Earth Magic
 - Level 2.0 Poison Magic


You had 5 spell levels left.
You knew the following spells:

 Your Spells              Type           Power        Failure   Level  Hunger
a - Sandblast             Erth           ######       0%          1    None
b - Passwall              Tmut/Erth      ######..     1%          2    None
c - Stone Arrow           Conj/Erth      ######       1%          3    None
d - Lee's Rapid Deconstr  Erth           #######...   1%          5    ####...
e - Petrify               Tmut/Erth      ######..     1%          4    ##.....
f - Iron Shot             Conj/Erth      ######....   1%          6    ######.
g - Mephitic Cloud        Conj/Pois/Air  ####....     1%          3    None
h - Fireball              Conj/Fire      #####.....   1%          5    ####...

Your spell library contained the following spells:

 Spells                   Type           Power        Failure   Level  Hunger
 Lehudib's Crystal Spear  Conj/Erth      ######....   16%         8    #######
 Freeze                   Ice            ##..         1%          1    None
 Magic Dart               Conj           ####         1%          1    None
 Conjure Flame            Conj/Fire      #####...     1%          3    None
 Hailstorm                Conj/Ice       ####....     1%          4    ##.....
 Bolt of Magma            Conj/Fire/Erth ######....   1%          5    ####...
 Lightning Bolt           Conj/Air       ####......   4%          5    ####...
 Frozen Ramparts          Ice            ##....       5%          3    None
 Animate Skeleton         Necr           N/A          7%          1    None
 Pain                     Necr           ##..         7%          1    None
 Summon Small Mammal      Summ           ##..         7%          1    None
 Poisonous Vapours        Pois/Air       ##....       7%          2    None
 Sticks to Snakes         Tmut           ##......     8%          2    None
 Call Imp                 Summ           ##......     11%         2    None
 Spider Form              Tmut/Pois      ###.......   12%         3    None
 Call Canine Familiar     Summ           ##......     21%         3    None
 Ozocubu's Armour         Chrm/Ice       ##......     21%         3    None
 Summon Guardian Golem    Hex/Summ       ##......     21%         3    None
 Vampiric Draining        Necr           ##........   21%         3    None
 Ice Form                 Ice/Tmut       ##......     52%         4    ##.....
 Animate Dead             Necr           N/A          56%         4    ##.....
 Summon Ice Beast         Ice/Summ       ##......     56%         4    ##.....
 Summon Lightning Spire   Summ/Air       ##......     56%         4    ##.....
 Agony                    Necr           ##......     88%         5    ####...
 Silence                  Hex/Air        ##........   88%         5    ####...
 Conjure Ball Lightning   Conj/Air       ####......   22%         6    ######.
 Freezing Cloud           Conj/Ice/Air   ####......   45%         6    ######.
 Spellforged Servitor     Conj/Summ      ####......   73%         7    #######
 Eringya's Noxious Bog    Tmut/Pois      ###.......   99%         6    ######.
 Ring of Flames           Chrm/Fire      ###.......   100%        7    #######
 Tornado                  Air            ##........   100%        9    #######


Dungeon Overview and Level Annotations

Branches:
Dungeon (15/15)            Temple (0/1) D:5            Lair (6/6) D:11
 Shoals (0/4) Lair:4       Spider (0/4) Lair:3        Slime (0/5) Lair:6
    Orc (2/2) D:10            Elf (0/3) Orc:2
 Vaults: D:13-14     Depths: D:15

Altars:
Ashenzari
Cheibriados
Dithmenos
Elyvilon
Gozag
Kikubaaqudgha
Nemelex Xobeh
Okawaru
Ru
Sif Muna
Uskayaw
Vehumet
Xom

Shops:
D:6 (   D:8 (   D:9 !   D:13 (   Orc:2 *%%?(

Annotations:
D:4 3 runed translucent doors, strelocc's ghost, novice FoGl
D:7 2 runed translucent doors, Thargor's ghost, novice DEWz
D:9 2 runed translucent doors
D:10 1 runed translucent door, elguitar's ghost, novice MiFi
D:11 2 runed translucent doors, tensugalgo's ghost, journeyman OpSk
D:13 Nessos
D:15 15 runed doors, Louise
Lair:1 exclusion: orange crystal statue
Lair:4 1 runed translucent door, exclusion: 3 oklob plants, Cemoc's ghost, journeyman DrCj


Innate Abilities, Weirdness & Mutations

You are resistant to torment.
Your stone body is resilient. (AC +11)
You are immune to poison.
Your large and strong wings let you fly indefinitely.
You resist negative energy. (rN+)
You are resistant to electric shocks. (rElec)
You can survive without breathing.
You are immune to petrification.
You are immune to rotting.


Message History

Aiming: Sandblast (safe; 0% risk of failure)
Press: ? - help, Shift-Dir - straight line, f/p - frost giant
Aim: a frost giant, wielding a +3 battleaxe of freezing (moderately wounded)
The blast of sand hits the frost giant but does no damage.
The frost giant is moderately wounded.
b - 24 stones
Casting: Sandblast (safe; 0% risk of failure)
Confirm with . or Enter, or press ? or * to list all spells.
Aiming: Sandblast (safe; 0% risk of failure)
Press: ? - help, Shift-Dir - straight line, f/p - frost giant
Aim: a frost giant, wielding a +3 battleaxe of freezing (moderately wounded)
The blast of sand hits the frost giant.
The frost giant is moderately wounded.
b - 23 stones The frost giant gestures at you while chanting.
The bolt of cold hits you! You resist.
* * * LOW HITPOINT WARNING * * *
The frost giant points at you and mumbles some strange words.
The bolt of cold hits you! You resist.
You die...

#.### #...### #.#
#...... #.# ##'####
#.# #####'##.. #.#
#......... #.#
#....>...# #.#
#........# #.#
#.......## #@#
..........#. #.#
..........#. #C#
..........#. #p#
#..........#. #.#
#............
##'####............
#...........
#.).........
#.......###


You could see a frost giant and a human.

Vanquished Creatures
  Gastronok (D:8)
  An ettin (D:15)
  5 hydras
  3 catoblepae
  2 two-headed ogres
  3 tengu warriors (D:15)
  A queen ant (Lair:2)
  A death yak (Lair:5)
  4 orc high priests
  Sonja (Lair:1)
  6 orc knights
  A lindwurm (Lair:5)
  5 oklob plants
  6 orc sorcerers
  A deep elf mage (D:15)
  A manticore (D:14)
  A cyclops (D:13)
  4 elephants (Lair:5)
  A torpor snail (Lair:6)
  8 black mambas
  3 centaur skeletons
  17 spiny frogs
  Maggie (D:8)
  6 komodo dragons
  3 rime drakes
  A tengu conjurer (D:15)
  Prince Ribbit (D:6)
  3 tyrant leeches (Lair:6)
  2 jumping spiders (Lair:3)
  6 trolls
  16 slime creatures
  4 polar bears
  A hornet (D:12)
  23 blink frogs
  A snapping turtle (Lair:4)
  12 hippogriffs
  A wyvern (D:8)
  A redback (Lair:3)
  36 yaks
  2 wraiths (D:12)
  3 hogs (D:9)
  2 basilisks
  6 humans
  6 vampire mosquitoes
  A hungry ghost (D:12)
  16 soldier ants
  9 wargs
  15 water moccasins
  5 porcupines
  2 ice beasts
  4 sky beasts
  A black bear (D:11)
  25 orc warriors
  A necrophage (D:5)
  5 ogres
  6 phantoms
  4 wolves (Lair:3)
  4 centaurs
  13 crocodiles
  2 big kobolds (D:10)
  26 bullfrogs
  A water moccasin skeleton (D:10)
  4 scorpions
  10 killer bees (D:11)
  7 electric eels
  3 howler monkeys
  3 bullfrog zombies
  2 lava snakes (Lair:1)
  6 crimson imps
  20 orc priests
  5 hounds
  14 jellies
  A bullfrog skeleton (D:7)
  5 centaur zombies
  25 orc wizards
  Ijyb (D:3)
  7 iguanas
  Natasha (D:3)
  3 hell rats (D:6)
  32 worker ants
  A killer bee zombie (D:10)
  2 hound zombies
  4 hound skeletons
  A worker ant zombie (D:5)
  11 adders
  10 gnolls
  4 river rats (D:6)
  4 shadow imps
  An ooze (Lair:6)
  An adder zombie (D:6)
  A worm (D:2)
  A dart slug (D:3)
  7 leopard geckos
  94 orcs
  A ball python (D:1)
  5 giant cockroaches
  4 goblins
  8 hobgoblins
  5 jackals (D:5)
  18 kobolds
  6 quokkas
  11 bats
  4 frilled lizards
  17 rats
  A plant (Lair:4)
724 creatures vanquished.

Vanquished Creatures (others)
  A deep elf mage (D:14)
  A human (D:14)
  17 fungi (Lair:6)
  50 plants
  9 toadstools (Lair:5)
78 creatures vanquished.

Grand Total: 802 creatures vanquished

Notes
Turn   | Place    | Note
-------+----------+-------------------------------------------
     0 | D:1      | DearestLeader the Gargoyle Earth Elementalist began the
                  | quest for the Orb.
     0 | D:1      | Reached XP level 1. HP: 10/10 MP: 3/3
   267 | D:1      | Reached skill level 4 in Earth Magic
   286 | D:1      | Reached XP level 2. HP: 14/15 MP: 3/5
  1160 | D:2      | Noticed a +0 hand axe
  1161 | D:2      | Noticed a +0 hand axe
  1162 | D:2      | Found a hide-covered altar of Uskayaw.
  1169 | D:2      | Reached XP level 3. HP: 16/19 MP: 6/6
  1170 | D:2      | Reached skill level 5 in Earth Magic
  1361 | D:2      | Found a sparkling altar of Nemelex Xobeh.
  1376 | D:2      | Learned a level 2 spell: Passwall
  1380 | D:2      | Learned a level 3 spell: Stone Arrow
  1555 | D:2      | Found a snail-covered altar of Cheibriados.
  2055 | D:3      | Reached skill level 1 in Conjurations
  2127 | D:3      | Reached XP level 4. HP: 23/24 MP: 7/7
  2404 | D:3      | Noticed Ijyb
  2412 | D:3      | Killed Ijyb
  2462 | D:3      | Reached skill level 6 in Earth Magic
  2465 | D:3      | Found a shattered altar of Ashenzari.
  2517 | D:3      | Reached XP level 5. HP: 28/28 MP: 8/8
  2537 | D:3      | Noticed Natasha
  2543 | D:3      | Killed Natasha
  2835 | D:3      | Found a shimmering blue altar of Sif Muna.
  3153 | D:3      | Reached XP level 6. HP: 32/32 MP: 2/9
  3277 | D:3      | Reached skill level 7 in Earth Magic
  3400 | D:4      | Found a runed translucent gate.
  3400 | D:4      | Found a runed translucent gate.
  3400 | D:4      | Found a runed translucent gate.
  3400 | D:4      | Noticed strelocc's ghost (novice FoGl)
  3495 | D:4      | Noticed a phantom
  3505 | D:4      | Killed a phantom
  3773 | D:4      | Found a radiant altar of Vehumet.
  3774 | D:4      | Found a sacrificial altar of Ru.
  3781 | D:4      | Became a worshipper of Vehumet
  4000 | D:4      | Found a shadowy altar of Dithmenos.
  4464 | D:5      | Entered Level 5 of the Dungeon
  4468 | D:5      | Found a staircase to the Ecumenical Temple.
  4478 | D:5      | Reached skill level 8 in Earth Magic
  4478 | D:5      | Reached XP level 7. HP: 36/36 MP: 7/10
  5093 | D:5      | Reached skill level 9 in Earth Magic
  5100 | D:5      | Learned a level 5 spell: Lee's Rapid Deconstruction
  5120 | D:5      | Reached XP level 8. HP: 41/41 MP: 7/13
  5171 | D:5      | Reached * piety under Vehumet
  5171 | D:5      | Offered knowledge of Magic Dart by Vehumet.
  5670 | D:6      | Found a shimmering altar of Xom.
  5738 | D:6      | Noticed Prince Ribbit
  5747 | D:6      | Killed Prince Ribbit
  5747 | D:6      | Reached skill level 10 in Earth Magic
  5875 | D:6      | Found an ancient bone altar of Kikubaaqudgha.
  5876 | D:6      | Found an iron altar of Okawaru.
  6017 | D:6      | Learned a level 4 spell: Petrify
  6022 | D:6      | Found a white marble altar of Elyvilon.
  6289 | D:6      | Reached skill level 11 in Earth Magic
  6402 | D:6      | Found Coaqifup's Antique Weapon Emporium.
  6520 | D:6      | Reached ** piety under Vehumet
  6520 | D:6      | Offered knowledge of Foxfire by Vehumet.
  6573 | D:6      | Found the +2 ratskin cloak {+Rats rPois rN+ Str-1 Int-1
                  | Dex+1}
  6592 | D:6      | Reached skill level 5 in Spellcasting
  7101 | D:7      | Reached XP level 9. HP: 35/45 MP: 13/16
  7187 | D:7      | Found a large runed translucent door.
  7188 | D:7      | Found a large runed translucent door.
  7225 | D:7      | Got a steaming fustibalus
  7266 | D:7      | Noticed Thargor's ghost (novice DEWz)
  7750 | D:7      | Found an opulent altar of Gozag.
  7761 | D:7      | Offered knowledge of Conjure Flame by Vehumet.
  7766 | D:7      | Learned a level 3 spell: Conjure Flame
  8022 | D:7      | Reached skill level 12 in Earth Magic
  8263 | D:8      | Noticed a two-headed ogre
  8268 | D:8      | Killed a two-headed ogre
  8376 | D:8      | Reached *** piety under Vehumet
  8378 | D:8      | Reached skill level 13 in Earth Magic
  8379 | D:8      | Reached skill level 5 in Conjurations
  8379 | D:8      | Reached XP level 10. HP: 20/50 MP: 11/18
  8595 | D:8      | Noticed Gastronok
  8612 | D:8      | Killed Gastronok
  9052 | D:8      | Found Ewkifyet's Weapon Boutique.
  9183 | D:8      | Reached skill level 14 in Earth Magic
  9188 | D:8      | Noticed Maggie
  9210 | D:8      | Killed Maggie
  9292 | D:8      | Got a bound crystal amulet
  9673 | D:9      | Found a runed translucent door.
  9673 | D:9      | Noticed an ice dragon
  9673 | D:9      | Noticed a fire dragon
  9676 | D:9      | Noticed a fire dragon
  9677 | D:9      | Found the +2 shield of Resistance {rF+ rC+ MR+}
  9677 | D:9      | Found a runed translucent door.
  9679 | D:9      | Noticed an ice dragon
  9818 | D:9      | Identified the amulet of Panentheism {Faith rPois} (You
                  | found it on level 8 of the Dungeon)
  9820 | D:9      | Reached skill level 15 in Earth Magic
  9820 | D:9      | Reached XP level 11. HP: 54/54 MP: 19/19
  9882 | D:9      | Offered knowledge of Iskenderun's Mystic Blast by Vehumet.
  9958 | D:9      | Found Iwkimm's Distillery.
 10350 | D:9      | Bought a potion of heal wounds for 60 gold pieces
 10350 | D:9      | Bought a potion of heal wounds for 60 gold pieces
 10350 | D:9      | Bought a potion of heal wounds for 60 gold pieces
 10353 | D:10     | Entered Level 10 of the Dungeon
 10370 | D:10     | Reached skill level 16 in Earth Magic
 10382 | D:10     | Noticed a stone giant
 10630 | D:10     | Reached **** piety under Vehumet
 10640 | D:10     | Reached XP level 12. HP: 59/59 MP: 2/20
 10647 | D:10     | Offered knowledge of Lightning Bolt by Vehumet.
 10896 | D:10     | Found a staircase to the Orcish Mines.
 11186 | D:10     | Noticed elguitar's ghost (novice MiFi)
 11194 | D:10     | Found a runed translucent door.
 11413 | D:10     | Reached skill level 1 in Shields
 11871 | D:11     | Found a staircase to the Lair.
 12112 | D:11     | Reached ***** piety under Vehumet
 12245 | D:11     | Found a large runed translucent door.
 12245 | D:11     | Found a large runed translucent door.
 12250 | D:11     | Noticed tensugalgo's ghost (journeyman OpSk)
 12264 | D:11     | Offered knowledge of Iron Shot by Vehumet.
 12473 | D:11     | Noticed a two-headed ogre
 12780 | D:11     | Got a brightly glowing ring mail
 13059 | D:11     | Learned a level 6 spell: Iron Shot
 13117 | D:11     | Killed a two-headed ogre
 13455 | Lair:1   | Entered Level 1 of the Lair of Beasts
 13471 | Lair:1   | Noticed Sonja
 13472 | Lair:1   | Killed Sonja
 13472 | Lair:1   | Reached skill level 17 in Earth Magic
 14809 | Lair:2   | Reached XP level 13. HP: 63/63 MP: 6/23
 14985 | Lair:2   | Reached skill level 18 in Earth Magic
 15909 | Lair:2   | Learned a level 3 spell: Mephitic Cloud
 16329 | Lair:2   | Reached skill level 1 in Poison Magic
 16981 | Lair:3   | Found a hole to the Spider Nest.
 17152 | Lair:3   | Offered knowledge of Sticky Flame by Vehumet.
 17685 | Lair:4   | Found a staircase to the Shoals.
 18133 | Lair:4   | Found a runed translucent door.
 18135 | Lair:4   | Found a shimmering altar of Xom.
 18138 | Lair:4   | Noticed Cemoc's ghost (journeyman DrCj)
 19423 | Lair:5   | Reached skill level 10 in Conjurations
 19564 | Lair:5   | Reached skill level 19 in Earth Magic
 19573 | Lair:5   | Gained mutation: Your large and strong wings let you fly
                  | indefinitely. [Gargoyle growth]
 19573 | Lair:5   | Reached XP level 14. HP: 68/68 MP: 18/26
 19948 | Lair:5   | You fall into a shaft and drop 1 floor!
 19948 | Lair:6   | Entered Level 6 of the Lair of Beasts
 20190 | Lair:5   | Found a runed translucent door.
 21185 | Lair:6   | Offered knowledge of Yara's Violent Unravelling by Vehumet.
 21305 | Lair:6   | Reached ****** piety under Vehumet
 22667 | Lair:6   | Identified the Compendium of Feathery Transformation
 23053 | Lair:6   | Found a staircase to the Slime Pits.
 23936 | Lair:5   | Reached skill level 20 in Earth Magic
 24300 | Orc:1    | Entered Level 1 of the Orcish Mines
 24433 | Orc:2    | Entered Level 2 of the Orcish Mines
 24729 | Orc:2    | Offered knowledge of Starburst by Vehumet.
 24892 | Orc:2    | Found Giopyoth's General Store.
 24900 | Orc:2    | Bought the cursed +0 cloak "Ruimit" {rElec rC- MR+++
                  | Regen+} for 275 gold pieces
 25075 | Orc:2    | Found Kankur's Food Shoppe.
 25527 | Orc:1    | Reached XP level 15. HP: 69/72 MP: 15/28
 26099 | Orc:2    | Offered knowledge of Fireball by Vehumet.
 26106 | Orc:2    | Learned a level 5 spell: Fireball
 26206 | Orc:2    | Found a staircase to the Elven Halls.
 26344 | Orc:2    | Reached skill level 1 in Fire Magic
 26776 | Orc:2    | Found Quiga's Food Shoppe.
 26783 | Orc:2    | Found Devviff's Magic Scroll Shop.
 26785 | Orc:2    | Found Futir's Weapon Shop.
 26827 | Orc:2    | Bought a scroll of acquirement for 780 gold pieces
 26827 | Orc:2    | Bought a scroll of identify for 30 gold pieces
 26827 | Orc:2    | Bought a scroll of identify for 30 gold pieces
 26827 | Orc:2    | Bought a scroll of identify for 30 gold pieces
 26827 | Orc:2    | Acquired the ring "Richaept" {rC+ Str+3 Dex+4 Stlth+}
 26832 | Orc:2    | Acquired the Handbook of Transformation and Attacks
 27532 | D:12     | Offered knowledge of Ozocubu's Refrigeration by Vehumet.
 28804 | D:13     | Offered knowledge of Lehudib's Crystal Spear by Vehumet.
 28825 | D:13     | Noticed Nessos
 29051 | D:13     | Found Kynn's Weapon Shoppe.
 29057 | D:13     | You are sucked into a shaft and drop 2 floors!
 29057 | D:15     | Entered Level 15 of the Dungeon
 29114 | D:15     | Reached skill level 10 in Spellcasting
 29245 | D:15     | Found an iron altar of Okawaru.
 29400 | D:15     | Noticed Louise
 29401 | D:15     | Got a bloodstained quarterstaff
 29635 | D:15     | Found a huge runed gate.
 29635 | D:15     | Found a huge runed gate.
 29635 | D:15     | Found a huge runed gate.
 29639 | D:15     | Found a huge runed gate.
 29639 | D:15     | Found a huge runed gate.
 29640 | D:15     | Found a huge runed gate.
 29644 | D:15     | Found a huge runed gate.
 29644 | D:15     | Found a huge runed gate.
 29644 | D:15     | Found a huge runed gate.
 29644 | D:15     | Found a huge runed gate.
 29644 | D:15     | Found a huge runed gate.
 29644 | D:15     | Found a huge runed gate.
 29644 | D:15     | Found a huge runed gate.
 29645 | D:15     | Found a huge runed gate.
 29647 | D:15     | Found a huge runed gate.
 29993 | D:14     | Noticed a frost giant
 30627 | D:14     | Killed from afar by a frost giant

Illustrated notes

Levels and vault maps discovered:
D:1:      dpeg_arrival_tiny_a, layout_rooms, st_stairs_11
D:2:      layout_basic, overflow_temple_1_default, dancing_weapons_uskayaw,
          first_ration, cheibriados_altar_1
D:3:      layout_basic, cheibrodos_ashenzari_chains, led_sif_book, uniq_ijyb,
          uniq_natasha
D:4:      layout_loops_ring, grunt_dithmenos_smoke, minitemple,
          gammafunk_ghost_necromancy, chequers_serial_rivers_micro_b,
          kennysheep_generic_room_14
D:5:      layout_gridville, temple_pool_b, minmay_misc_feat_x
D:6:      wander_guarded_unrand_ratskin, layout_loops_ring, lemuel_doored_altar,
          overflow_temple_1_default, chequers_temple_overflow_statue_of_worship,
          serial_shops, nicolae_shop_statue_plus, uniq_prince_ribbit1
D:7:      layout_cave_pods, grunt_gozag_breadcrumbs, ebering_ghost_disaster_area
D:8:      layout_cave_pods, serial_shops, kennysheep_little_box, uniq_gastronok,
          uniq_maggie
D:9:      layout_cave_pools, serial_shops, shop, grunt_livestock,
          minmay_guarded_unrand_resistance
D:10:     layout_loops_ring, minmay_orc_entry_guard_dogs,
          hellmonk_ghost_happy_afterlife, kennysheep_island_fort
D:11:     layout_gridville, dpeg_oklobed_lair, ebering_ghost_disaster_area
D:12:     layout_roguey, kennysheep_generic_room_7
D:13:     layout_cave_pools, gammafunk_ghost_cemetery, serial_shops, shop,
          shop_fountains, shop_fountains, shop_fountains, hangedman_decor_push,
          uniq_nessos
D:14:     layout_basic, ximxim_vaults_locker_room,
          hangedman_abyss_or_decor_slice, minmay_radiant, uniq_agnes, uniq_kirke
D:15:     hangedman_depths_entry_try_elsewhere_first, layout_irregular_city,
          okawaru_ov_weapons_minmay, not_door_vault_due, uniq_louise
Lair:1:   layout_roguey, serial_rivers, chequers_serial_rivers_micro_a,
          chequers_serial_rivers_micro_c, chequers_serial_rivers_micro_c,
          chequers_serial_rivers_room_b, chequers_serial_rivers_micro_c,
          disabler_island, uniq_sonja
Lair:2:   layout_regular_city, small_statue_intersection, zaba_anthell
Lair:3:   layout_loops_ring, spider_nest_entry_a, minivault_11,
          cheibrodos_lair_lostbears
Lair:4:   minmay_lair_oklob_tunnel, layout_hall_layers, minmay_shoals_entry_hut,
          ebering_ghost_xom, grunt_megastairs_4, infiniplex_staircase_pool,
          minmay_lair_oklob_chamber, serial_bayou_shore_b
Lair:5:   gammafunk_lair_enchanted_lake, layout_cave_pods
Lair:6:   minmay_lair_end_frog_pond, layout_regular_city,
          minmay_slime_entry_jelly_boxes
Orc:1:    layout_diamond_mine, mines_bat_river
Orc:2:    st_orc_elflike, layout_caves, serial_shops, nicolae_shop_stone

Skill      XL: |  1  2  3  4  5  6  7  8  9 10 11 12 13 14 15 |
---------------+----------------------------------------------+-----
Earth Magic    | 4 5 6 8 9 11 13 15 16 17 19 20 | 20.7
Conjurations   | 1 2 3 5 8 9 10 11 | 11.9
Dodging        | 2 3 6 7 8 9 |  9.7
Spellcasting   | 3 5 7 8 9 10 | 10.2
Shields        | 4 |  4.4
Poison Magic   | 2 |  2.0
Fire Magic     | 4 |  4.1
Stealth        | |  2.1
Transmutations | |  0.7

Action                   |  1- 3 |  4- 6 |  7- 9 | 10-12 | 13-15 || total
-------------------------+-------+-------+-------+-------+-------++-------
Melee: Dagger            |    18 |    63 |   299 |   212 |  1036 ||  1628
       Whip              |    90 |    33 |       |       |       ||   123
       Unarmed           |    10 |       |       |       |       ||    10
 Cast: Sandblast         |    22 |    52 |   114 |   115 |   254 ||   557
       Stone Arrow       |       |       |     5 |    48 |   268 ||   321
       Lee's Rapid Decon |       |       |       |    36 |    40 ||    76
       Iron Shot         |       |       |       |     6 |    65 ||    71
       Conjure Flame     |       |       |       |     6 |       ||     6
       Mephitic Cloud    |       |       |       |       |    70 ||    70
       Fireball          |       |       |       |       |     8 ||     8
       Petrify           |       |       |       |       |     1 ||     1
 Abil: Fly               |       |       |       |       |     1 ||     1
Evoke: Wand              |       |       |       |     1 |       ||     1
  Use: Scroll            |     2 |     2 |     4 |     9 |    10 ||    27
       Potion            |       |       |       |     2 |     2 ||     4
 Stab: Sleeping          |     2 |     3 |     4 |     1 |     2 ||    12
       Distracted        |       |       |       |     1 |     1 ||     2
       Confused          |       |       |       |       |    25 ||    25
  Eat: Chunk             |     4 |     8 |    14 |    20 |    65 ||   111
       Ration            |       |       |       |     4 |     6 ||    10
Armor: Robe              |    62 |    27 |   164 |   134 |   460 ||   847
Dodge: Dodged            |   105 |    65 |   222 |   230 |   936 ||  1558
Block: Buckler           |       |       |       |    52 |   486 ||   538
